 Dungeon Crawl Stone Soup version 0.29-a0-364-g921d912d32 (webtiles) character file.

Game seed: 10137563031609341915

32 holysushi the Cutter (level 3, 24/24 HPs)
             Began as a Kobold Monk on May 1, 2022.
             Was an Initiate of Gozag.
             Quit the game on level 1 of the Dungeon.
             The game lasted 00:00:43 (978 turns).

holysushi the Cutter (Kobold Monk)                   Turns: 978, Time: 00:00:44

Health: 24/24      AC:  2    Str:  8    XL:     3   Next: 45%
Magic:  3/3        EV: 16    Int: 11    God:    Gozag
Gold:   25         SH:  0    Dex: 19    Spells: 2/2 levels left

rFire   . . .      SeeInvis .   a - +0 short sword
rCold   . . .      Faith    .   (no shield)
rNeg    . . .      Spirit   .   b - +0 robe
rPois   .          Reflect  .   (no helmet)
rElec   .          Harm     .   (no cloak)
rCorr   .          Rampage  .   (no gloves)
Will    .....                   (no boots)
Stlth   ++........              (no amulet)
HPRegen 0.08/turn               (no ring)
MPRegen 0.08/turn               (no ring)

@: very slow
A: small, no large weapons, nightstalker 3
a: Renounce Religion, Potion Petition, Call Merchant, Bribe Branch


You were on level 1 of the Dungeon.
You worshipped Gozag.
Gozag was noncommittal.
You visited 1 branch of the dungeon, and saw 1 of its levels.

You collected 25 gold pieces.

Inventory:

Hand Weapons
 a - a +0 short sword (weapon)
Armour
 b - a +0 robe (worn)
Jewellery
 i - a ring of protection from cold
Scrolls
 d - a scroll of blinking {unknown}
 e - a scroll of teleportation {unknown}
 f - a scroll of magic mapping {unknown}
Potions
 c - a potion of ambrosia
 g - a potion of brilliance {unknown}
 h - a potion of heal wounds {unknown}


   Skills:
 + Level 3.8 Fighting
 * Level 5.2 Short Blades
 - Level 3.6 Dodging
 - Level 2.6 Stealth


You had 2 spell levels left.
You didn't know any spells.
Your spell library was empty.

Dungeon Overview and Level Annotations

Branches:
Dungeon (1/15)

Altars:
Gozag


Innate Abilities, Weirdness & Mutations

You are small and have problems with some larger weapons.
You are completely attuned to the shadows.


Message History

You impale the ball python!!
You kill the ball python!
Unknown command.
You now have 25 gold pieces (gained 14).
Key pressed, stopping explore.
Key pressed, stopping explore.
No target in view!
Unknown command.
No target in view!
Unknown command.
There is a stone staircase leading down here.
You see here a +0 dagger.
You see here a rat corpse.
Done exploring.
No target in view!
Unknown command.
Done exploring.
Done exploring.
No target in view!
Unknown command.
Done exploring.
Unknown command.
No target in view!
Done exploring.
No target in view!
Unknown command.
Search for what [? for help]? @
There is an open door here.
You enter the shallow water.
Moving in this stuff is going to be slow.
There is a faded altar of an unknown god here.
You cannot tell which god this altar belongs to.
Convert to them anyway?
Uppercase [Y]es or [N]o only, please.
You cannot tell which god this altar belongs to.
Convert to them anyway?
Gozag accepts your prayer! Gozag welcomes you!
Gozag waives the service fee.
You enter the shallow water.
Moving in this stuff is going to be slow.
Are you sure you want to abandon this character and quit the game? (Confirm with "yes".)

########.# ####...#.###
...........#
........##############
÷####.#..#.........#.# .#
#.####....#....#(# .#
#.####.#..#..#.#.# .#
#÷...#.#..#..#.#.############
.####.#..'≈≈≈≈_≈@≈≈'.............
.##...#..#.#..#..#.########.^....
....######.#..#..#.# #.#####
.##..†#..#....#....########.#
......#..#.........#....)...#
.........###########.########
.#####†............†.......######
.# ##...################.......
.# ##.## #..#####


There were no monsters in sight!

Vanquished Creatures
  A gnoll (D:1)
  A dart slug (D:1)
  An endoplasm (D:1)
  2 goblins (D:1)
  6 hobgoblins (D:1)
  A ball python (D:1)
  4 bats (D:1)
  A frilled lizard (D:1)
  3 rats (D:1)
20 creatures vanquished.

Notes
Turn   | Place    | Note
-------+----------+-------------------------------------------
     0 | D:1      | holysushi the Kobold Monk began the quest for the Orb.
     0 | D:1      | Reached XP level 1. HP: 14/14 MP: 1/1
   364 | D:1      | Reached XP level 2. HP: 19/19 MP: 2/2
   539 | D:1      | Found a faded altar of an unknown god.
   689 | D:1      | Reached skill level 5 in Short Blades
   689 | D:1      | Reached XP level 3. HP: 24/24 MP: 3/3
   975 | D:1      | Prayed at the altar of an unknown god.
   975 | D:1      | Became a worshipper of Gozag Ym Sagoz the Greedy
   978 | D:1      | Quit the game

Illustrated notes

Levels and vault maps discovered:
D:1:      minmay_arrival_widening_spiral_narrow, layout_loops_ring,
          shapermc_ecumenical_altar_notcrosses

Skill      XL: |  1  2 |
---------------+-------+-----
Short Blades   | 5 |  5.2
Fighting       | |  3.8
Dodging        | |  3.6
Stealth        | |  2.6

Action                   || total
-------------------------++-------
Melee: Short sword       ||    26
 Stab: Sleeping          ||    14
Dodge: Dodged            ||     8

Table legend: (Time is in decaauts)
 A = Elapsed time spent in this place.
 B = Non-inter-level travel time spent in this place.
 C = Inter-level travel time spent in this place.
 D = Time resting spent in this place.
 E = Time spent auto-exploring this place.
 F = Levels seen in this place.
 G = Mean time per level.
                   A        B        C        D        E       F      G
               +--------+--------+--------+--------+--------+-----+--------+
         Total |    976 |    952 |     24 |      0 |    833 |   1 |  976.0 |
       Dungeon |    976 |    952 |     24 |      0 |    833 |   1 |  976.0 |
               +--------+--------+--------+--------+--------+-----+--------+

Top non-repeatable levels by time:
     D:1: 976 daAuts
